 Dungeon Crawl Stone Soup version 0.18.1-50-g88ac8fd (webtiles) character file.

108410 Vatticson the Shatterer (level 16, -1/151 HPs)
             Began as a Minotaur Berserker on Oct 15, 2016.
             Was a High Priest of Trog.
             Slain by a hornet (4 damage)
             ... on level 4 of the Spider Nest on Oct 18, 2016.
             The game lasted 03:20:39 (26609 turns).

Vatticson the Shatterer (Minotaur Berserker)       Turns: 26609, Time: 03:20:40

Health: -1/151     AC: 31    Str: 28    XL:     16   Next: 2%
Magic:  15/15      EV:  9    Int:  2    God:    Trog [*****.]
Gold:   1686       SH:  0    Dex: 18    Spells: 0 memorised, 15 levels left

rFire  . . .     SeeInvis .     F - +4 morningstar (flame)
rCold  . . .     Gourm    .     c - +5 plate armour "Xihat" {rN+}
rNeg   + . .     Faith    .     (no shield)
rPois  +         Spirit   .     (helmet restricted)
rElec  .         Dismiss  .     Q - +2 cloak
rCorr  .         Reflect  .     (no gloves)
SustAt .         Harm     .     G - +1 pair of boots {run}
MR     +++..     Rnd*Rage +     s - amulet of regeneration
Stlth  ..........               m - +3 ring of protection
                                z - ring of Fedhas's Approval {+Fly rPois Int-4 Dex+7}

@: exhausted, very slightly contaminated, regenerating, slowed, very slow,
extremely resistant to hostile enchantments, extremely unstealthy
A: retaliatory headbutt, horns 2, berserk 1, clever 1
a: Berserk, Trog's Hand, Brothers in Arms, Burn Spellbooks, Renounce Religion,
Evoke Flight


You were on level 4 of the Spider Nest.
You worshipped Trog.
Trog was extremely pleased with you.
You were not hungry.

You visited 4 branches of the dungeon, and saw 22 of its levels.
You also visited: Ice Cave and Volcano.

You collected 2971 gold pieces.
You spent 1285 gold pieces at shops.

Inventory:

Hand Weapons
 d - a +2 longbow of flaming
 i - the +2 battleaxe of Tension {freeze, rF+ Dex+2 SInv}
   (Trog gifted it to you on level 11 of the Dungeon)

   It has been specially enchanted to freeze those struck by it, causing extra
   injury to most foes and up to half again as much damage against particularly
   susceptible opponents.
   It can also slow down cold-blooded creatures.
   It affects your dexterity (+2).
   It protects you from fire.
   It lets you see invisible.
 r - a +3 flail of venom
 F - a +4 morningstar of flaming (weapon)
 L - a +2 great mace of holy wrath
Missiles
 y - 359 arrows
Armour
 c - the +5 plate armour "Xihat" (worn) {rN+}
   (You bought it in a shop on level 2 of the Orcish Mines)

   It protects you from negative energy.
 n - a +0 fire dragon armour
 G - a +1 pair of boots of running (worn)
 Q - a +2 cloak (worn)
 S - a +0 large shield
Jewellery
 a - the ring of Temptation {Wiz MR+ Dex+6}
   (You found it on level 2 of the Lair of Beasts)

   [ring of wizardry]

   It improves your spell success rate.
   It affects your dexterity (+6).
   It affects your resistance to hostile enchantments.
 g - an uncursed ring of fire
 l - a +3 ring of strength
 m - a +3 ring of protection (right hand)
 s - an amulet of regeneration (around neck)
 u - the ring of Shaolin {EV+8}
   (You found it on level 1 of the Spider Nest)

   [ring of evasion]

   It affects your evasion (+8).
 z - the ring of Fedhas's Approval (left hand) {+Fly rPois Int-4 Dex+7}
   (You found it in an ice cave)

   [ring of poison resistance]

   It affects your intelligence (-4).
   It affects your dexterity (+7).
   It protects you from poison.
   It lets you fly.
 D - an uncursed ring of ice
Wands
 e - a wand of heal wounds (2/9)
 p - a wand of flame (27/48)
 q - a wand of iceblast (10/15)
 t - a wand of lightning (12/15)
 w - a wand of random effects (19/48)
 C - a wand of lightning (6/15)
 K - a wand of iceblast (15/15)
 N - a wand of heal wounds (2/9)
 O - a wand of polymorph (11/24)
 P - a wand of enslavement (24/24)
 R - a wand of random effects (33/48)
 W - a wand of polymorph (14/24)
Scrolls
 b - 5 scrolls of magic mapping
 o - 12 scrolls of remove curse
 I - 6 scrolls of teleportation
 J - a scroll of silence
Potions
 f - 4 potions of magic
 A - a potion of agility
 B - 5 potions of curing
 H - a potion of haste
 T - 4 potions of berserk rage
 U - 3 potions of lignification
 Y - 2 potions of might
Books
 x - a book of Changes

   Spells                             Type                      Level
   a - Beastly Appendage              Transmutation                1
   b - Sticks to Snakes               Transmutation                2
   c - Spider Form                    Transmutation/Poison         3
   d - Ice Form                       Ice/Transmutation            4
   e - Blade Hands                    Transmutation                5
   Trog disapproves of the use of such an item.
 M - a book of Annihilations

   Spells                             Type                      Level
   a - Poison Arrow                   Conjuration/Poison           6
   b - Chain Lightning                Conjuration/Air              8
   c - Lehudib's Crystal Spear        Conjuration/Earth            8
   d - Glaciate                       Conjuration/Ice              9
   e - Fire Storm                     Conjuration/Fire             9
   Trog disapproves of the use of such an item.
 V - a Young Poisoner's Handbook

   Spells                             Type                      Level
   a - Sting                          Conjuration/Poison           1
   b - Cure Poison                    Poison                       2
   c - Mephitic Cloud                 Conjuration/Poison/Air       3
   d - Olgreb's Toxic Radiance        Poison                       4
   e - Venom Bolt                     Conjuration/Poison           5
   Trog disapproves of the use of such an item.
Comestibles
 h - 3 meat rations
 j - 6 bread rations
 k - 30 fruits


   Skills:
 + Level 16.2 Fighting
 + Level 21.6 Maces & Flails
 - Level 7.0 Bows
 + Level 16.3 Armour
 - Level 2.1 Dodging
 - Level 5.4 Shields


You had 15 spell levels left.
You didn't know any spells.

Dungeon Overview and Level Annotations

Branches:
Dungeon (11/15)            Temple (0/1) D:4            Lair (5/8) D:11
 Spider (4/4) Lair:5          Orc (2/2) D:11            Elf (0/3) Orc:2
  Swamp: Lair:3-6    Shoals: Lair:3-6

Altars:
Cheibriados
Dithmenos
Elyvilon
Fedhas
Gozag
Kikubaaqudgha
Okawaru
Pakellas
Qazlal
Sif Muna
Trog
Vehumet
Xom
Yredelemnul
Zin

Shops:
D:6 [   D:8 *   D:11 =   Orc:2 [(?:

Annotations:
D:11 exclusion: orange crystal statue


Innate Abilities, Weirdness & Mutations

You reflexively headbutt those who attack you in melee.
You have a pair of horns on your head.
You tend to lose your temper in combat.
Your mind is acute. (Int +2)


Message History

The spark wasp stings you!
* * * LOW HITPOINT WARNING * * *
The spark wasp shocks you!
* * * LOW HITPOINT WARNING * * *
Unknown command.
Drink which item? (? for menu, Esc to quit)
Okay, then.
Read which item? (? for menu, Esc to quit)
Okay, then.
Read which item? (? for menu, Esc to quit)
As you read the scroll of fear, it crumbles to dust.
You assume a fearsome visage.
The spark wasp looks frightened!
The moth of wrath looks frightened!
The emperor scorpion easily resists.
The hornet easily resists.
The spark wasp looks frightened!
The hornet stings you but does no damage.
The hornet stings you!
* * * LOW HITPOINT WARNING * * *
The hornet closely misses you. You furiously retaliate!
You headbutt the hornet! The hornet stings you.
You die...

##^##≈..≈###yy##≈.#
###(...## #...####
#≈(..# ##y.# ##.ys##
#'y# ##..≈## .##..
#.†y#### .y ...#
#≈..#..# ... ...+
###yy≈≈≈.##### ###
##.^@≈≈≈≈.###########
#...≈##.(###≈≈.^##..≈
#..O.# ###(.^........
##..y# ###...#^......
#....###....##≈....##
##....#..†.####.^..##
##^...≈..≈# ##....≈
##......## ##.^.#
###..≈## #'''#


You could see an emperor scorpion, 2 spark wasps, a moth of wrath (fleeing), 2
hornets and a friendly ogre (berserk).

Vanquished Creatures
  Arachne (Spider:3)
  Rupert (Lair:4)
  Asterion (Spider:3)
  2 ghost moths
  An emperor scorpion (Spider:3)
  The ghost of nikopol the Cleaver, a journeyman HOBe of Trog (Lair:5)
  Nessos (Orc:2)
  2 spark wasps (Spider:4)
  Snorg (Orc:1)
  2 ice dragons (IceCv)
  Harold (D:10)
  A hydra (Lair:3)
  A tengu warrior (D:10)
  6 death yaks (Lair:5)
  Erica (Orc:1)
  Urug (Orc:1)
  4 orc high priests (Orc:2)
  A hill giant (D:11)
  19 orb spiders
  31 wolf spiders
  5 orc knights
  3 oklob plants (Lair:2)
  5 orc sorcerers (Orc:2)
  A griffon (Lair:5)
  2 moths of wrath
  6 hornets
  The ghost of olma the Ducker, a novice TrBe of Trog (D:5)
  A centaur zombie (D:10)
  A torpor snail (Lair:4)
  2 ice statues (IceCv)
  8 spiny frogs
  3 rime drakes
  6 komodo dragons
  8 demonic crawlers
  38 jumping spiders
  2 trolls
  A boulder beetle (Spider:1)
  2 two-headed ogres
  4 blink frogs (Lair:2)
  52 redbacks
  37 tarantellas
  7 wyverns (Lair:5)
  21 yaks
  6 basilisks
  17 hippogriffs
  A steam dragon (D:8)
  A hungry ghost (D:9)
  2 vampire mosquitoes (D:10)
  Eustachio (D:7)
  3 wargs (Orc:2)
  6 water moccasins
  8 porcupines
  2 sky beasts
  24 ice beasts
  A necrophage (D:9)
  28 orc warriors
  2 black bears
  A phantom (D:5)
  11 ogres
  3 crocodiles
  A centaur (D:7)
  A big kobold (D:11)
  12 giant frogs
  A gnoll sergeant (D:7)
  4 scorpions
  4 killer bees (D:11)
  5 wights (D:11)
  8 electric eels
  4 howler monkeys
  6 crimson imps
  A quasit (D:11)
  7 hounds
  3 jellies
  A centaur skeleton (D:9)
  A giant frog zombie (D:9)
  2 giant frog skeletons
  23 orc priests
  25 orc wizards
  Jessica (D:3)
  7 iguanas
  10 worker ants
  A worker ant zombie (D:5)
  10 gnolls
  A howler monkey skeleton (D:6)
  10 adders
  33 river rats
  3 shadow imps
  2 oozes
  An adder zombie (D:8)
  A worm (D:6)
  2 dart slugs (D:1)
  14 giant geckos
  75 orcs
  5 giant cockroaches
  3 goblins
  11 hobgoblins
  8 jackals
  13 kobolds
  3 quokkas
  A ball python (D:3)
  19 bats
  5 giant newts
  2 quokka skeletons
  22 rats
  A bush (Lair:4)
  A plant (Lair:5)
786 creatures vanquished.

Vanquished Creatures (collateral kills)
  A spark wasp (Spider:4)
  A hornet (Spider:4)
2 creatures vanquished.

Vanquished Creatures (others)
  Donald (Spider:1)
  A wolf spider (Spider:4)
  2 jumping spiders
  A redback (Spider:3)
  9 fungi (D:11)
  2 plants (Lair:2)
  4 toadstools (D:1)
20 creatures vanquished.

Grand Total: 808 creatures vanquished

Notes
Turn   | Place    | Note
--------------------------------------------------------------
     0 | D:1      | Vatticson the Minotaur Berserker began the quest for the Orb.
     0 | D:1      | Reached XP level 1. HP: 19/19 MP: 0/0
   201 | D:1      | Reached skill level 4 in Maces & Flails
   208 | D:1      | Reached XP level 2. HP: 19/26 MP: 1/1
   875 | D:2      | Found a shadowy altar of Dithmenos.
   876 | D:2      | Reached skill level 5 in Maces & Flails
   960 | D:2      | Reached XP level 3. HP: 31/31 MP: 2/2
  1027 | D:2      | Gained mutation: You are partially covered in slimy green scales (AC +2). [potion of beneficial mutation]
  1070 | D:2      | Lost mutation: You are partially covered in slimy green scales (AC +2). [potion of cure mutation]
  1202 | D:2      | Reached ** piety under Trog
  1271 | D:2      | Gained mutation: You tend to lose your temper in combat. [potion of mutation]
  1271 | D:2      | Gained mutation: Your mind is acute. (Int +2) [potion of mutation]
  1719 | D:3      | Reached XP level 4. HP: 38/39 MP: 3/3
  1730 | D:3      | Reached skill level 6 in Maces & Flails
  1909 | D:3      | Noticed Jessica
  1927 | D:3      | Killed Jessica
  2129 | D:3      | Found an iron altar of Okawaru.
  2138 | D:3      | Reached XP level 5. HP: 42/45 MP: 4/4
  2140 | D:3      | Reached *** piety under Trog
  2191 | D:3      | Reached skill level 7 in Maces & Flails
  2389 | D:3      | Found an oddly glowing altar of Pakellas.
  2660 | D:3      | Found a basalt altar of Yredelemnul.
  2695 | D:4      | Noticed an ogre
  3012 | D:4      | Noticed a black bear
  3020 | D:4      | Killed a black bear
  3020 | D:4      | Reached skill level 8 in Maces & Flails
  3020 | D:4      | Reached XP level 6. HP: 51/51 MP: 5/5
  3343 | D:4      | Found a glowing silver altar of Zin.
  3844 | D:4      | Found a staircase to the Ecumenical Temple.
  3947 | D:5      | Entered Level 5 of the Dungeon
  3947 | D:5      | Found a blossoming altar of Fedhas.
  4012 | D:5      | Noticed olma's ghost (novice TrBe)
  4019 | D:5      | Reached skill level 9 in Maces & Flails
  4040 | D:5      | Killed olma's ghost
  4040 | D:5      | Reached skill level 10 in Maces & Flails
  4040 | D:5      | Reached XP level 7. HP: 34/57 MP: 6/6
  4225 | D:5      | Reached skill level 11 in Maces & Flails
  4445 | D:5      | Reached XP level 8. HP: 39/64 MP: 7/7
  4612 | D:5      | Found a stormy altar of Qazlal.
  4687 | D:5      | Found a white marble altar of Elyvilon.
  4703 | D:5      | Reached skill level 12 in Maces & Flails
  5081 | D:5      | Found a shimmering altar of Xom.
  5082 | D:5      | Found a bloodstained altar of Trog.
  5091 | D:5      | Found a radiant altar of Vehumet.
  5091 | D:5      | Found an ancient bone altar of Kikubaaqudgha.
  5092 | D:5      | Found a deep blue altar of Sif Muna.
  5098 | D:5      | Identified Vehumet's Collected Works on Combat Magic
  5175 | D:6      | Found Vimniann's Antique Armour Shop.
  5197 | D:6      | Reached **** piety under Trog
  5205 | D:6      | Bought a pair of runed boots for 117 gold pieces
  5210 | D:6      | Identified a +0 pair of boots of running (You bought it in a shop on level 6 of the Dungeon)
  5279 | D:6      | Reached skill level 13 in Maces & Flails
  5552 | D:6      | Reached XP level 9. HP: 60/71 MP: 8/8
  5908 | D:6      | Reached ***** piety under Trog
  5908 | D:6      | Received a gift from Trog
  6261 | D:7      | Reached skill level 14 in Maces & Flails
  6520 | D:7      | Reached skill level 5 in Fighting
  6596 | D:7      | Noticed Eustachio
  6601 | D:7      | Killed Eustachio
  6806 | D:7      | Reached skill level 5 in Armour
  7705 | D:7      | Received a gift from Trog
  7861 | D:8      | Found Daomar Gocu's Assorted Antiques.
  7869 | D:8      | Bought a scroll labeled YNUGA QUMMURIU for 19 gold pieces
  7869 | D:8      | Bought a scroll labeled UTHRIR EXYKHATAOL for 19 gold pieces
  7869 | D:8      | Bought a runed fluorescent wand for 76 gold pieces
  8472 | D:8      | Found a snail-covered altar of Cheibriados.
  8779 | D:9      | Reached XP level 10. HP: 84/84 MP: 9/9
  8894 | D:9      | Found an opulent altar of Gozag.
  8938 | D:9      | Reached skill level 15 in Maces & Flails
  8962 | D:9      | Reached skill level 1 in Shields
  9629 | D:10     | Entered Level 10 of the Dungeon
  9851 | D:10     | Noticed a tengu warrior
  9864 | D:10     | Killed a tengu warrior
  9992 | D:10     | Noticed Harold
 10004 | D:10     | Killed Harold
 10627 | D:11     | Noticed a hill giant
 10635 | D:11     | Killed a hill giant
 10635 | D:11     | Reached skill level 5 in Shields
 11021 | D:11     | Reached XP level 11. HP: 92/95 MP: 10/10
 11043 | D:11     | Noticed an orange crystal statue
 11207 | D:11     | Found a staircase to the Orcish Mines.
 11392 | D:11     | Received a gift from Trog
 11418 | D:11     | Got a brightly glowing battleaxe {god gift}
 11664 | D:11     | Identified the +2 battleaxe of Tension {freeze, rF+ Dex+2 SInv} (Trog gifted it to you on level 11 of the Dungeon)
 11815 | D:11     | Found a glowing silver altar of Zin.
 11840 | D:11     | Found Mose's Jewellery Boutique.
 11999 | D:11     | Reached skill level 16 in Maces & Flails
 12122 | D:11     | Found a staircase to the Lair.
 12207 | Orc:1    | Entered Level 1 of the Orcish Mines
 12209 | Orc:1    | Noticed Urug
 12221 | Orc:1    | Killed Urug
 12281 | Orc:1    | Found a frozen archway.
 12356 | IceCv    | Entered an ice cave
 12447 | IceCv    | Reached skill level 10 in Fighting
 12450 | IceCv    | Reached ****** piety under Trog
 12826 | IceCv    | Reached skill level 10 in Armour
 12851 | IceCv    | Noticed an ice dragon
 12851 | IceCv    | Noticed an ice dragon
 12867 | IceCv    | Killed an ice dragon
 12877 | IceCv    | Killed an ice dragon
 13147 | IceCv    | Got a vibrating jade ring
 13166 | IceCv    | Identified the ring of Fedhas's Approval {+Fly rPois Int-4 Dex+7} (You found it in an ice cave)
 13492 | Orc:2    | Entered Level 2 of the Orcish Mines
 13492 | Orc:2    | Noticed an orc sorcerer
 13496 | Orc:2    | Killed an orc sorcerer
 13511 | Orc:2    | Noticed an orc sorcerer
 13521 | Orc:2    | Killed an orc sorcerer
 13803 | Orc:2    | Reached skill level 1 in Bows
 13803 | Orc:2    | Reached XP level 12. HP: 108/108 MP: 11/11
 13857 | Orc:2    | Received a gift from Trog
 13880 | Orc:2    | Noticed an orc high priest
 13904 | Orc:2    | Killed an orc high priest
 14017 | Orc:2    | Noticed an orc high priest
 14025 | Orc:2    | Killed an orc high priest
 14027 | Orc:2    | Noticed an orc high priest
 14033 | Orc:2    | Killed an orc high priest
 14033 | Orc:2    | Received a gift from Trog
 14033 | Orc:2    | Reached skill level 17 in Maces & Flails
 14036 | Orc:2    | Found Kewarghat's Armour Shoppe.
 14036 | Orc:2    | Found Asmoc's Antique Weapon Boutique.
 14039 | Orc:2    | Reached skill level 5 in Bows
 14049 | Orc:2    | Found Ninia's Magic Scroll Shoppe.
 14049 | Orc:2    | Found Xorameog's Book Boutique.
 14173 | Orc:2    | Bought the +5 plate armour "Xihat" {rN+} for 769 gold pieces
 14175 | Orc:2    | Bought a scroll of enchant armour for 97 gold pieces
 14175 | Orc:2    | Bought a scroll of remove curse for 39 gold pieces
 14175 | Orc:2    | Bought a scroll of identify for 26 gold pieces
 14175 | Orc:2    | Bought a scroll of blinking for 97 gold pieces
 14175 | Orc:2    | Bought a scroll of identify for 26 gold pieces
 14320 | Orc:2    | Found a staircase to the Elven Halls.
 14559 | Orc:2    | Noticed Nessos
 14576 | Orc:2    | Killed Nessos
 14609 | Orc:2    | Noticed an orc high priest
 14612 | Orc:2    | Killed an orc high priest
 14983 | Orc:1    | Noticed Erica
 14994 | Orc:1    | Noticed Snorg
 14997 | Orc:1    | Killed Erica
 15007 | Orc:1    | Killed Snorg
 15260 | Lair:1   | Entered Level 1 of the Lair of Beasts
 15762 | Lair:1   | Reached XP level 13. HP: 118/118 MP: 12/12
 17618 | Lair:2   | You fall through a shaft for 2 floors!
 17647 | Lair:4   | Noticed Rupert
 17650 | Lair:4   | Paralysed by Rupert for 3 turns
 17671 | Lair:4   | Paralysed by Rupert for 7 turns
 17683 | Lair:4   | Killed Rupert
 17786 | Lair:4   | Found a dark tunnel.
 17793 | Volcano  | Entered a volcano
 18037 | Volcano  | Received a gift from Trog
 18902 | Lair:2   | Got a glittering marble ring
 18908 | Lair:2   | Identified the ring of Temptation {Wiz MR+ Dex+6} (You found it on level 2 of the Lair of Beasts)
 19090 | Lair:3   | Received a gift from Trog
 19156 | Lair:3   | Reached skill level 18 in Maces & Flails
 20185 | Lair:5   | Found a hole to the Spider Nest.
 20214 | Lair:5   | Noticed nikopol's ghost (journeyman HOBe)
 20231 | Lair:5   | Killed nikopol's ghost
 20668 | Lair:5   | Reached XP level 14. HP: 129/129 MP: 13/13
 20841 | Lair:5   | Received a gift from Trog
 20890 | Lair:5   | Reached skill level 19 in Maces & Flails
 21459 | Spider:1 | Entered Level 1 of the Spider Nest
 21471 | Spider:1 | Noticed a ghost moth
 21479 | Spider:1 | Killed a ghost moth
 22181 | Spider:1 | Noticed Donald
 22212 | Spider:1 | Killed Donald
 22415 | Spider:1 | Identified a scroll of acquirement
 22478 | Spider:1 | Received a gift from Trog
 23213 | Spider:2 | Reached skill level 20 in Maces & Flails
 23303 | Spider:2 | Received a gift from Trog
 23917 | Spider:3 | Noticed Arachne
 23918 | Spider:3 | Reached XP level 15. HP: 128/139 MP: 14/14
 23933 | Spider:3 | Killed Arachne
 23933 | Spider:3 | Reached skill level 15 in Armour
 24166 | Spider:3 | Received a gift from Trog
 24212 | Spider:3 | Reached skill level 15 in Fighting
 24605 | Spider:3 | Noticed Asterion
 24621 | Spider:3 | Killed Asterion
 24621 | Spider:3 | Reached skill level 21 in Maces & Flails
 25255 | Spider:4 | Entered Level 4 of the Spider Nest
 26212 | Spider:4 | Received a gift from Trog
 26431 | Spider:4 | Noticed a ghost moth
 26436 | Spider:4 | Killed a ghost moth
 26594 | Spider:4 | Reached XP level 16. HP: 87/151 MP: 15/15
 26609 | Spider:4 | HP: 3/151 [hornet (15)]
 26609 | Spider:4 | Slain by a hornet

Skill      XL: |  1  2  3  4  5  6  7  8  9 10 11 12 13 14 15 |
---------------+----------------------------------------------+-----
Maces & Flails | 4 5 6 8 10 11 13 14 15 16 17 18 20 21 | 21.6
Armour         | 3 6 8 10 11 13 14 16 | 16.3
Fighting       | 6 8 10 12 13 14 16 | 16.2
Shields        | 5 |  5.4
Bows           | 1 7 |  7.0
Dodging        | |  2.1

Action                   |  1- 3 |  4- 6 |  7- 9 | 10-12 | 13-15 | 16-18 || total
-------------------------+-------+-------+-------+-------+-------+-------++-------
Melee: Mace              |    78 |    78 |       |       |       |       ||   156
       Headbutt          |    10 |    21 |    59 |   171 |   215 |     1 ||   477
       Whip              |       |    37 |    87 |       |       |       ||   124
       Morningstar       |       |       |   218 |   574 |   584 |     1 ||  1377
       Great mace        |       |       |       |     5 |       |       ||     5
       Battleaxe         |       |       |       |     9 |   128 |       ||   137
       Flail             |       |       |       |       |     2 |       ||     2
 Fire: Longbow           |       |       |       |    44 |   497 |       ||   541
Throw: Stone             |       |    19 |    16 |     5 |       |       ||    40
       Javelin           |       |       |     7 |    32 |     3 |       ||    42
Invok: Berserk           |       |     1 |     3 |     5 |     4 |       ||    13
       Trog's Hand       |       |       |     1 |     4 |     6 |     1 ||    12
       Brothers in Arms  |       |       |       |     1 |       |     1 ||     2
       Burn Spellbooks   |       |       |       |     1 |       |       ||     1
 Abil: Evoke Flight      |       |       |       |     1 |     1 |       ||     2
Evoke: Wand              |       |       |       |     5 |     2 |     1 ||     8
  Use: Scroll            |     5 |     4 |     8 |    16 |    16 |     3 ||    52
       Potion            |     8 |     6 |     3 |     8 |    12 |     1 ||    38
 Stab: Sleeping          |     2 |       |       |       |       |       ||     2
       Distracted        |       |     1 |       |       |       |       ||     1
  Eat: Bread ration      |     1 |     2 |     4 |     3 |     3 |       ||    13
       Beef jerky        |       |     1 |     1 |       |       |       ||     2
       Meat ration       |       |       |       |     4 |     3 |       ||     7
       Pizza             |       |       |       |       |     2 |     1 ||     3
       Chunk             |       |       |       |       |     1 |       ||     1
       Royal jelly       |       |       |       |       |     3 |       ||     3
       Fruit             |       |       |       |       |     1 |       ||     1
Armor: Animal skin       |    25 |    12 |       |       |       |       ||    37
       Chain mail        |       |    37 |    75 |       |       |       ||   112
       Plate armour      |       |       |    59 |   214 |   960 |     6 ||  1239
       Fire dragon armou |       |       |       |       |     3 |       ||     3
Dodge: Dodged            |    49 |    41 |    44 |   103 |   464 |     4 ||   705
Block: Shield            |     5 |    47 |    73 |   236 |       |       ||   361
       Large shield      |       |       |       |       |    33 |       ||    33
